 Dungeon Crawl Stone Soup version 0.18-a0-19-g8b99b3a (webtiles) character file.

86 Raultor the Cudgeler (level 4, -1/28 HPs)
             Began as a Gargoyle Fighter on Nov 1, 2015.
             Slain by a gnoll (5 damage)
             ... on level 2 of the Dungeon.
             The game lasted 00:02:33 (907 turns).

Raultor the Cudgeler (Gargoyle Fighter)              Turns: 907, Time: 00:02:33

Health: -1/28      AC: 10    Str: 25    XL:     4   Next: 50%
Magic:  4/4        EV:  9    Int:  9    God:
Gold:   97         SH:  0    Dex:  9    Spells: 0 memorised, 3 levels left

rFire  . . .     SeeInvis .     a - +0 flail
rCold  . . .     Clarity  .     b - +0 scale mail
rNeg   + . .     SustAt   .     (no shield)
rPois  ∞         Gourm    .     (no helmet)
rElec  +         Spirit   .     (no cloak)
rCorr  .         Warding  .     (no gloves)
rMut   .         Stasis   .     (no boots)
MR     .....                    (no amulet)
Stlth  ..........               (no ring)
                                (no ring)

@: mighty, not resistant to hostile enchantments, extremely unstealthy
A: negative energy resistance 1, electricity resistance, unbreathing,
petrification resistance, rot immunity, AC +3
a: no special abilities


You were on level 2 of the Dungeon.
You were not hungry.

You visited 1 branch of the dungeon, and saw 2 of its levels.

You collected 97 gold pieces.

Inventory:

Hand Weapons
 a - a +0 flail (weapon)
Armour
 b - a +0 scale mail (worn)
 c - a +0 shield
Scrolls
 g - 2 scrolls of enchant armour {unknown}
 m - a scroll of identify {unknown}
Potions
 d - a potion of might
 h - a potion of heal wounds {unknown}
 i - a potion of flight {unknown}
 j - a potion of resistance {unknown}
 k - a potion of brilliance {unknown}
Comestibles
 e - a bread ration
 f - 2 chunks of flesh
 l - a slice of pizza


   Skills:
 - Level 3.2 Fighting
 + Level 4.6 Maces & Flails
 - Level 3.2 Armour
 - Level 3.2 Shields


You had 3 spell levels left.
You didn't know any spells.

Dungeon Overview and Level Annotations

Branches:
Dungeon (2/15)

Altars:
Fedhas
Okawaru


Innate Abilities, Weirdness & Mutations

You are resistant to torment.
Your stone body is resilient (AC +3).
You are immune to poison.
You resist negative energy.
You are resistant to electric shocks.
You can survive without breathing.
You are immune to petrification.
You are immune to rotting.


Message History

a stone; a gnoll corpse A bat comes into view.
The bat hits you but does no damage. The bat closely misses you.
The bat barely misses you.
Drink which item? (? for menu, Esc to quit)
You feel very mighty all of a sudden. The bat hits you but does no damage.
The kobold hits you but does no damage.
Your scale mail prevents you from hitting the kobold.
The bat barely misses you. The bat hits you but does no damage.
A gnoll opens the door.
The kobold barely misses you.
You barely miss the kobold. The bat completely misses you.
The kobold hits you but does no damage. The gnoll completely misses you.
You sock the kobold!
You kill the kobold!
The gnoll hits you but does no damage. The bat hits you but does no damage.
You sock the gnoll!
The gnoll is severely wounded.
The bat hits you but does no damage. The gnoll hits you.
You die...

#.........###_###..#....
#.........#!≈.≈##.†#....
########.###≈.≈.#..#....
############ #.# .≈.≈##..#....
#..........###.###≈.≈.#..#.###
#...............#.≈.≈#####.###
#..........b....##(.≈.# #.#<#
#...............###(######.#.#
########.....@†...((...#......
#..........###g#.#.#####......
#..........# .#.#(#####....).
#..........###.#.#.#...'......
#................#...###......
#....)...........#####........
#................. +........
#................. #........
#................ ..........


You could see a gnoll and a bat.

Vanquished Creatures
  3 adders (D:2)
  3 gnolls (D:2)
  A worm (D:2)
  A giant gecko (D:1)
  An orc (D:2)
  3 goblins
  2 hobgoblins (D:2)
  3 jackals (D:1)
  4 bats
  3 giant newts
  5 kobolds
  5 rats
34 creatures vanquished.

Notes
Turn   | Place    | Note
--------------------------------------------------------------
     0 | D:1      | Raultor the Gargoyle Fighter began the quest for the Orb.
     0 | D:1      | Reached XP level 1. HP: 14/14 MP: 1/1
   157 | D:1      | Reached XP level 2. HP: 16/19 MP: 2/2
   526 | D:2      | Reached XP level 3. HP: 18/23 MP: 3/3
   683 | D:2      | Reached skill level 4 in Maces & Flails
   770 | D:2      | Found a blossoming altar of Fedhas.
   875 | D:2      | Found an iron altar of Okawaru.
   881 | D:2      | Reached XP level 4. HP: 25/28 MP: 4/4
   907 | D:2      | Slain by a gnoll

Vault maps used:
D:1:      dpeg_arrival_short_road, monster_avoids_cloud
D:2:      okawaru_altar_gauntlet_db, cheibriados_altar_wand_db, corexii_shack,
          fedhas_altar_2

Action                   |  1- 3 |  4- 6 || total
-------------------------+-------+-------++-------
Melee: Flail             |   125 |    16 ||   141
  Use: Potion            |       |     1 ||     1
